 Dungeon Crawl Stone Soup version 0.26.1-2-gb8aa6d0cf2 (webtiles) character file.

Game seed: 8932912428152367735

455 promet the Magician (level 6, -1/33 HPs)
             Began as a Deep Elf Air Elementalist on Mar 20, 2021.
             Slain by Blork the orc
             ... wielding a +0 scimitar
              (6 damage)
             ... on level 4 of the Dungeon.
             The game lasted 00:21:57 (3870 turns).

promet the Magician (Deep Elf Air Elementalist)     Turns: 3870, Time: 00:21:58

Health: -1/33      AC:  6    Str:  9 (12) XL:     6   Next: 76%
Magic:  15/15      EV: 12    Int: 17 (20) God:
Gold:   214        SH:  4    Dex: 13 (16) Spells: 12/15 levels left

rFire    . . .     SeeInvis .   u - +0 quarterstaff
rCold    . . .     Faith    .   (shield currently unavailable)
rNeg     . . .     Spirit   .   s - +0 leather armour
rPois    .         Reflect  .   e - +2 hat
rElec    .         Harm     .   o - +0 cloak
rCorr    .         Rampage  .   (no gloves)
Will     .....                  (no boots)
Stlth    ++........             (no amulet)
HPRegen  0.11/turn              q - +6 ring of strength
MPRegen  0.14/turn              (no ring)

@: no status effects
A: talons 1, large bone plates 1
a: no special abilities


You were on level 4 of the Dungeon.
You visited 1 branch of the dungeon, and saw 4 of its levels.

You collected 214 gold pieces.

Inventory:

Hand Weapons
 a - a +3 vampiric dagger
 b - a +0 arbalest
 c - a +0 club
 d - a +2 short sword of holy wrath
 g - a +0 short sword
 j - a +0 whip of electrocution
 l - a +0 hunting sling
 u - a +0 quarterstaff (weapon)
Missiles
 f - 5 boomerangs
 i - 202 stones
 k - 20 arrows
 m - 33 bolts
 n - 19 poisoned darts
Armour
 e - a +2 hat (worn)
 o - a +0 cloak (worn)
 r - a +0 robe
 s - a +0 leather armour (worn)
Jewellery
 h - a +6 ring of dexterity {unknown}
 q - a +6 ring of strength (left hand)
Scrolls
 t - 2 scrolls of identify
Potions
 p - a potion of ambrosia


   Skills:
 + Level 0.5 Fighting
 + Level 1.6 Short Blades
 + Level 0.5 Crossbows
 + Level 0.5 Armour
 + Level 3.1 Dodging
 + Level 4.2 Stealth
 + Level 0.4 Shields
 + Level 5.1 Spellcasting
 + Level 3.3 Conjurations
 + Level 4.4 Air Magic


You had 12 spell levels left.
You knew the following spells:

 Your Spells              Type           Power        Failure   Level
a - Shock                 Conj/Air       68%          3%          1
b - Swiftness             Air            19%          4%          2

Your spell library contained the following spells:

 Spells                   Type           Power        Failure   Level
 Static Discharge         Conj/Air       17%          12%         3
 Airstrike                Air            9%           30%         4
 Lightning Bolt           Conj/Air       8%           71%         5


Dungeon Overview and Level Annotations

Branches:
Dungeon (4/15)             Temple (0/1) D:4

Altars:

Annotations:
D:4 Blork the orc


Innate Abilities, Weirdness & Mutations

You have sharp toenails.
You are partially covered in large bone plates. (SH +4)


Message History

Blork the orc gestures at you while chanting.
The puff of frost misses you.
Blork the orc looks satisfied for a moment.
Blork the orc casts a spell at you. The puff of frost hits you.
Blork the orc looks braver for a moment.
Blork the orc looks braver for a moment.
Blork the orc points at you and mumbles some strange words.
The puff of frost misses you.
Blork the orc looks braver for a moment.
Blork the orc screams, "I'll drink your blood!
Soon!"
Blork the orc hits you with a +0 scimitar.
Blork the orc closely misses you.
Blork the orc points at you and mumbles some strange words.
The puff of flame hits you!
* * * LOW HITPOINT WARNING * * *
There is an open door here.
Blork the orc looks angry.
Blork the orc hits you with a +0 scimitar.
You die...

............................# *
....####'#######.....###.#+## *
....#..........#.....# #'##### *
....#..........#.....# #.#...# *
....#..........'.....# #.#.#.# *
#####........>.#.....# #.#.#.# *
...##...###..###.....###.#.#.# *
...####'####'####o#....#...#.# *
..............#.@.#....#####.# *
..............#...#....#...#.#***
...##.........#...#....#.#.#.#,,,
...##...##.####...#....#.#.#.#,,,
...############...######.#.#.#,,,
...#.......#...........#.#...#,,,
...#.......#...........#.#####,,,
...#.......#...........#.#...#,,,
#####'##...##'##########.#.#.#,,,


You could see Blork the orc (fast).

Vanquished Creatures
  2 ogres (D:4)
  2 hounds (D:3)
  An orc priest (D:4)
  An orc wizard (D:3)
  An iguana (D:4)
  A gnoll (D:3)
  5 adders
  A worm (D:2)
  2 dart slugs
  A leopard gecko (D:1)
  8 orcs (D:3)
  A ball python (D:3)
  2 giant cockroaches
  11 goblins
  7 hobgoblins
  2 jackals (D:1)
  9 kobolds
  10 bats
  3 frilled lizards
  8 rats
78 creatures vanquished.

Notes
Turn   | Place    | Note
-------+----------+-------------------------------------------
     0 | D:1      | promet the Deep Elf Air Elementalist began the quest for
                  | the Orb.
     0 | D:1      | Reached XP level 1. HP: 10/10 MP: 6/6
   184 | D:1      | Reached XP level 2. HP: 15/15 MP: 4/8
   189 | D:1      | Learned a level 2 spell: Swiftness
   913 | D:1      | Reached XP level 3. HP: 19/19 MP: 5/9
   928 | D:1      | Gained mutation: Your mind is acute. (Int +2) [potion of
                  | mutation]
   928 | D:1      | Lost mutation: Your mind is acute. (Int +2) [potion of
                  | mutation]
   928 | D:1      | Gained mutation: You have sharp toenails. [potion of
                  | mutation]
   928 | D:1      | Gained mutation: You are partially covered in large bone
                  | plates. (SH +4) [potion of mutation]
  1688 | D:2      | Reached skill level 1 in Short Blades
  2066 | D:3      | Reached skill level 4 in Spellcasting
  2066 | D:3      | Reached XP level 4. HP: 18/24 MP: 9/12
  2266 | D:3      | Reached XP level 5. HP: 19/28 MP: 7/13
  3246 | D:4      | Noticed an ogre
  3255 | D:4      | Killed an ogre
  3256 | D:4      | Reached XP level 6. HP: 33/33 MP: 9/15
  3335 | D:4      | Reached skill level 5 in Spellcasting
  3835 | D:4      | Noticed Blork the orc
  3870 | D:4      | Slain by Blork the orc

Illustrated notes

Levels and vault maps discovered:
D:1:      dpeg_arrival_tiny_h, layout_rooms, glass_columns_b, minmay_surrounded
D:2:      layout_basic, serial_glass, glass_columns_a, glass_columns_a
D:3:      layout_loops_ring, eino_curves_02, cheibrodos_gnoll_hut
D:4:      layout_gridville, temple_green, roderic_serpentine_path,
          chequers_serial_rivers_small_b, uniq_blork_the_orc

Skill      XL: |  1  2  3  4  5  6 |
---------------+-------------------+-----
Short Blades   | 1 |  1.6
Spellcasting   | 4 5 |  5.1
Conjurations   | 2 3 |  3.3
Stealth        | 3 4 |  4.2
Air Magic      | 4 |  4.4
Dodging        | 3 |  3.1
Fighting       | |  0.5
Crossbows      | |  0.5
Armour         | |  0.5
Shields        | |  0.4

Action                   |  1- 3 |  4- 6 || total
-------------------------+-------+-------++-------
Melee: Short sword       |    11 |       ||    11
       Dagger            |     8 |    30 ||    38
       Kick              |       |     9 ||     9
 Fire: Arbalest          |       |    12 ||    12
 Cast: Shock             |    84 |    46 ||   130
       Swiftness         |       |     2 ||     2
  Use: Scroll            |     5 |     7 ||    12
       Potion            |     2 |     2 ||     4
 Stab: Sleeping          |     1 |     4 ||     5
Armor: Robe              |     4 |     6 ||    10
       Leather armour    |       |     3 ||     3
Dodge: Dodged            |    19 |    34 ||    53
Block: Other             |     3 |     9 ||    12
